 Dungeon Crawl Stone Soup version 0.25-a0-589-g1e14c549ee (webtiles) character file.

Game seed: 12343986696704447363, levelgen mode: deterministic

10226 Lentor the Grappler (level 11, -4/78 HPs)
             Began as a Demonspawn Fighter on Mar 10, 2020.
             Was the Champion of Okawaru.
             Splashed by a brown ugly thing's acid (11 damage)
             ... on level 10 of the Dungeon.
             The game lasted 00:32:08 (10546 turns).

Lentor the Grappler (Demonspawn Fighter)           Turns: 10546, Time: 00:32:08

Health: -4/78      AC:  8    Str: 22      XL:     11   Next: 33%
Magic:  11/11      EV: 17    Int: 10      God:    Okawaru [******]
Gold:   329        SH: 14    Dex: 11 (12) Spells: 10/10 levels left

rFire    + . .     SeeInvis +     - Unarmed
rCold    + . .     Gourm    .   c - +1 kite shield
rNeg     . . .     Faith    .   x - +2 ring mail {MR+}
rPois    .         Spirit   .   E - +1 helmet {SInv}
rElec    .         Reflect  +   (no cloak)
rCorr    .         Harm     .   (no gloves)
MR       ++...                  y - +1 pair of boots "Issab" {*Corrode rF+ MR+ Str+2}
Stlth    +.........             A - +2 amulet of reflection
HPRegen  0.00/turn              b - +1 ring of evasion
MPRegen  0.12/turn              a - ring of wizardry

@: agile, corroded
A: claws 1, cold resistance 1, deterioration 1, powered by death 3, powered by
pain 1, inhibited regeneration, evolution 1, sturdy frame 1
a: Heroism, Finesse, Renounce Religion


You were on level 10 of the Dungeon.
You worshipped Okawaru.
Okawaru was exalted by your worship.
You were not hungry.

You visited 2 branches of the dungeon, and saw 12 of its levels.
You also visited: Ossuary.

You collected 728 gold pieces.
You spent 399 gold pieces at shops.

Inventory:

Missiles
 t - 70 poisoned darts (quivered)
Armour
 c - a +1 kite shield (worn)
 x - a +2 ring mail of magic resistance (worn)
 y - the +1 pair of boots "Issab" (worn) {*Corrode rF+ MR+ Str+2}
   (You bought it in a shop on level 6 of the Dungeon)

   It affects your strength (+2).
   It protects you from fire.
   It affects your resistance to hostile enchantments.
   It may corrode you when you take damage.
 E - a +1 helmet of see invisible (worn)
Jewellery
 a - a ring of wizardry (right claw)
 b - a +1 ring of evasion (left claw)
 A - a +2 amulet of reflection (around neck)
 C - an uncursed amulet of faith
Wands
 q - a wand of acid (9)
 z - a wand of digging (6)
Scrolls
 d - 2 scrolls of remove curse
 l - 8 scrolls of teleportation
 m - 2 scrolls of fog {unknown}
 n - 2 scrolls of enchant weapon {unknown}
 o - 5 scrolls of identify
 r - a scroll of magic mapping
 v - a scroll of enchant armour
 w - 2 scrolls of amnesia
Potions
 e - 4 potions of flight
 g - 4 potions of haste
 h - a potion of berserk rage
 i - 2 potions of stabbing
 j - 2 potions of brilliance
 k - 2 potions of curing
 p - a potion of mutation
 s - 2 potions of lignification
 u - 2 potions of heal wounds
 D - a potion of invisibility {unknown}
Comestibles
 f - 14 rations


   Skills:
 + Level 4.4 Fighting
   Level 1.9 Maces & Flails
 + Level 5.2 Armour
 + Level 4.2 Dodging
 + Level 1.0 Stealth
 + Level 7.1 Shields
 * Level 12.8 Unarmed Combat


You had 10 spell levels left.
You didn't know any spells.
Your spell library contained the following spells:

 Spells                   Type           Power        Failure   Level  Hunger
 Magic Dart               Conj           #...         45%         1    ##.....
 Summon Small Mammal      Summ           #...         45%         1    ##.....
 Blink                    Tloc           N/A          58%         2    ###....
 Call Imp                 Summ           #.......     58%         2    ###....
 Slow                     Hex            #.......     58%         2    ###....
 Call Canine Familiar     Summ           #.......     80%         3    ####...
 Conjure Flame            Conj/Fire      #.......     80%         3    ####...
 Mephitic Cloud           Conj/Pois/Air  #.......     80%         3    ####...
 Summon Guardian Golem    Hex/Summ       #.......     80%         3    ####...
 Summon Ice Beast         Ice/Summ       #.......     99%         4    #####..
 Summon Lightning Spire   Summ/Air       #.......     99%         4    #####..


Dungeon Overview and Level Annotations

Branches:
Dungeon (11/15)            Temple (1/1) D:4            Lair (0/6) D:8
    Orc (0/2) D:10        Ossuary (visited)

Altars:
Ashenzari
Cheibriados
Dithmenos
Elyvilon
Fedhas
Gozag
Hepliaklqana
Kikubaaqudgha
Makhleb
Nemelex Xobeh
Okawaru
Qazlal
Ru
Sif Muna
Trog
Uskayaw
Vehumet
Wu Jian
Xom
Yredelemnul
Zin
The Shining One

Shops:
D:4 [   D:6 [}*=


Innate Abilities, Weirdness & Mutations

You have sharp fingernails.
You regenerate a lot of health from kills.
You sometimes gain a little power by taking damage.
Your movements are slightly less encumbered by armour. (ER -2)
Your flesh is cold resistant. (rC+)
Your body sometimes deteriorates upon taking damage.
You do not regenerate when monsters are visible.
You evolve.


Message History

You claw the brown ugly thing!
The brown ugly thing is heavily wounded.
The brown ugly thing engulfs you. The acid corrodes you!
You are splashed with acid!
* * * LOW HITPOINT WARNING * * *
Your body deteriorates!
You feel clumsy.
Your shield prevents you from hitting the brown ugly thing.
The brown ugly thing is heavily wounded.
You scratch the brown ugly thing but do no damage.
The brown ugly thing is heavily wounded.
You block the brown ugly thing's attack.
You claw the brown ugly thing!
The brown ugly thing is severely wounded.
You block the brown ugly thing's attack.
You closely miss the brown ugly thing.
The brown ugly thing is heavily wounded.
The brown ugly thing engulfs you!
* * * LOW HITPOINT WARNING * * *
You are splashed with acid!
You die...

..........####...#.#
.....###[###...#...# #
..........##.####..## #
.....###...#.# #...## # ....##
##....#####...############
.##..####......##................
.###.......###..............#.###
.# ####..#.####..†............#
#######..#..# #u@.............#
##......###.###.††............#
##.###........................###
#............................##..
#.####.......#..............###..
..# #.......#.............####..
..####.........#######...........
.....)........## ##.#######..
......###.....# #.# ####..


You could see a brown ugly thing.

Vanquished Creatures
  Gastronok (D:10)
  An unseen horror (D:10)
  A troll (D:10)
  Grinder (D:5)
  2 hippogriffs
  2 wyverns (D:10)
  A wraith (D:10)
  8 yaks
  Menkaure (Ossuary)
  An orc warrior (D:8)
  An ice beast (D:7)
  4 sky beasts
  4 ogres
  4 phantoms
  6 centaurs
  6 bullfrogs
  A gnoll sergeant (D:9)
  3 scorpions
  A wyvern skeleton (D:11)
  A water moccasin skeleton (D:7)
  A troll zombie (Ossuary)
  10 killer bees
  3 wights (D:6)
  A vampire bat (D:3)
  6 howler monkeys (D:9)
  6 crimson imps
  2 hounds
  4 jellies
  A bullfrog zombie (D:7)
  8 centaur zombies
  2 bullfrog skeletons (D:4)
  A centaur skeleton (D:4)
  4 iguanas
  6 orc priests
  9 orc wizards
  7 worker ants
  A hound skeleton (D:6)
  6 mummies (Ossuary)
  Robin (D:4)
  2 howler monkey skeletons
  5 gnolls (D:9)
  11 adders
  5 shadow imps
  2 oozes
  2 adder zombies (Ossuary)
  4 adder skeletons
  2 worms (D:2)
  2 dart slugs
  6 leopard geckos
  32 orcs
  A ball python (D:3)
  3 bat skeletons (D:3)
  2 bat zombies (D:3)
  5 giant cockroaches
  12 hobgoblins
  20 jackals
  A quokka (D:10)
  8 bats
  5 frilled lizards
  13 goblins
  4 goblin zombies (Ossuary)
  9 hobgoblin zombies (Ossuary)
  7 kobolds
  3 kobold zombies (Ossuary)
  A leopard gecko zombie (D:8)
  3 quokka zombies (Ossuary)
  6 rats
  4 rat zombies (Ossuary)
309 creatures vanquished.

Vanquished Creatures (others)
  A centaur (D:6)
1 creature vanquished.

Grand Total: 310 creatures vanquished

Notes
Turn   | Place    | Note
-------+----------+-------------------------------------------
     0 | D:1      | Lentor the Demonspawn Fighter began the quest for the Orb.
     0 | D:1      | Reached XP level 1. HP: 18/18 MP: 1/1
    97 | D:1      | Gained mutation: You have sharp fingernails. [demonic
                  | ancestry]
    97 | D:1      | Reached XP level 2. HP: 20/24 MP: 2/2
   903 | D:1      | Reached skill level 1 in Unarmed Combat
   914 | D:1      | Gained mutation: You regenerate a little health from kills.
                  | [demonic ancestry]
   914 | D:1      | Reached XP level 3. HP: 26/29 MP: 3/3
  1188 | D:2      | Found a snail-covered altar of Cheibriados.
  1277 | D:2      | Found an iron altar of Okawaru.
  1300 | D:2      | Became a worshipper of Warmaster Okawaru
  1708 | D:2      | Reached XP level 4. HP: 33/35 MP: 4/4
  2088 | D:3      | Reached skill level 2 in Unarmed Combat
  2108 | D:3      | Found an ancient bone altar of Kikubaaqudgha.
  2233 | D:3      | Gained mutation: You regenerate health from kills. [demonic
                  | ancestry]
  2233 | D:3      | Reached XP level 5. HP: 41/41 MP: 5/5
  2431 | D:3      | Reached skill level 3 in Unarmed Combat
  2561 | D:3      | Found a burning altar of Makhleb.
  3135 | D:4      | Found a staircase to the Ecumenical Temple.
  3144 | Temple   | Entered the Ecumenical Temple
  3328 | D:4      | Found Nixiec's Armour Shoppe.
  3365 | D:4      | Noticed a phantom
  3429 | D:4      | Killed a phantom
  3429 | D:4      | Reached skill level 1 in Dodging
  3429 | D:4      | Reached skill level 4 in Unarmed Combat
  3429 | D:4      | Gained mutation: You regenerate a lot of health from kills.
                  | [demonic ancestry]
  3429 | D:4      | Reached XP level 6. HP: 28/47 MP: 6/6
  3451 | D:4      | Noticed Robin
  3460 | D:4      | Killed Robin
  3489 | D:4      | Reached * piety under Okawaru
  4022 | D:5      | Entered Level 5 of the Dungeon
  4048 | D:5      | HP: 2/47 [acid (10)]
  4054 | D:5      | HP: 2/47 [acid (4)]
  4162 | D:5      | Noticed Grinder
  4187 | D:5      | Reached skill level 5 in Unarmed Combat
  4187 | D:5      | Reached XP level 7. HP: 18/52 MP: 7/7
  4249 | D:5      | Killed Grinder
  4249 | D:5      | Reached skill level 6 in Unarmed Combat
  4690 | D:5      | Reached ** piety under Okawaru
  4710 | D:5      | Reached XP level 8. HP: 56/60 MP: 8/8
  5090 | D:6      | Reached skill level 7 in Unarmed Combat
  5186 | D:6      | Found Vang's Assorted Antiques.
  5269 | D:6      | Found a sand-covered staircase.
  5278 | Ossuary  | Entered an ossuary
  5394 | Ossuary  | Noticed Menkaure
  5405 | Ossuary  | Killed Menkaure
  5405 | Ossuary  | Reached *** piety under Okawaru
  5405 | Ossuary  | Reached skill level 8 in Unarmed Combat
  5669 | D:6      | Gained mutation: Your movements are slightly less
                  | encumbered by armour. (ER -2) [demonic ancestry]
  5669 | D:6      | Reached XP level 9. HP: 60/65 MP: 9/9
  5731 | D:6      | Reached skill level 9 in Unarmed Combat
  5799 | D:6      | Found Qash's Jewellery Shoppe.
  5807 | D:6      | Bought a +1 ring of evasion for 39 gold pieces
  6053 | D:6      | Found Pitielis's Gadget Emporium.
  6104 | D:6      | You fall into a shaft and drop 3 floors!
  6183 | D:8      | Reached **** piety under Okawaru
  6194 | D:8      | Got an ichor-stained robe
  6201 | D:8      | Identified the +1 robe of Bumenin {rPois rC+ rCorr} (You
                  | found it on level 8 of the Dungeon)
  6202 | D:8      | Gained mutation: Your flesh is cold resistant. (rC+)
                  | [potion of mutation]
  6202 | D:8      | Gained mutation: Your flesh is very cold resistant. (rC++)
                  | [potion of mutation]
  6202 | D:8      | Gained mutation: You are robust. (+10% HP) [potion of
                  | mutation]
  6220 | D:8      | Reached skill level 5 in Shields
  6296 | D:7      | Reached skill level 10 in Unarmed Combat
  7238 | D:6      | Found Aschiz Vila's Armour Shoppe.
  7251 | D:6      | Bought the +1 pair of boots "Issab" {*Corrode rF+ MR+
                  | Str+2} for 360 gold pieces
  7347 | D:6      | Found a sparkling altar of Nemelex Xobeh.
  7541 | D:7      | Reached XP level 10. HP: 78/78 MP: 10/10
  7961 | D:8      | Received a gift from Okawaru
  8055 | D:8      | Found a staircase to the Lair.
  8127 | D:8      | Reached skill level 11 in Unarmed Combat
  8998 | D:9      | Found an opulent altar of Gozag.
  9216 | D:10     | Entered Level 10 of the Dungeon
  9230 | D:10     | Reached ***** piety under Okawaru
  9479 | D:10     | Killed an unseen horror
  9479 | D:10     | Reached skill level 12 in Unarmed Combat
  9491 | D:10     | Reached skill level 5 in Armour
  9547 | D:10     | Noticed Gastronok
  9568 | D:10     | Killed Gastronok
  9568 | D:10     | Reached ****** piety under Okawaru
  9568 | D:10     | Received a gift from Okawaru
  9568 | D:10     | Gained mutation: You sometimes gain a little power by
                  | taking damage. [demonic ancestry]
  9568 | D:10     | Reached XP level 11. HP: 27/84 MP: 11/11
  9818 | D:10     | Found a staircase to the Orcish Mines.
 10259 | D:11     | Reached skill level 1 in Stealth
 10274 | D:11     | Lost mutation: You are robust. (+10% HP) [potion of
                  | mutation]
 10274 | D:11     | Lost mutation: Your flesh is very cold resistant. (rC++)
                  | [potion of mutation]
 10274 | D:11     | Gained mutation: You do not regenerate when monsters are
                  | visible. [potion of mutation]
 10274 | D:11     | Gained mutation: Your body sometimes deteriorates upon
                  | taking damage. [potion of mutation]
 10274 | D:11     | Gained mutation: You evolve. [potion of mutation]
 10279 | D:11     | Noticed a brown ugly thing
 10546 | D:10     | Splashed by a brown ugly thing's acid

Levels and vault maps discovered:
D:1:      eino_arrival_water_star, layout_basic
D:2:      layout_basic, cheibriados_altar_1, old_standard_altar
D:3:      layout_basic, lemuel_round_altar, kennysheep_vampire_church
D:4:      layout_loops_ring, minmay_temple_entry_mini_moons, serial_shops,
          nicolae_shop_trees, uniq_robin
D:5:      layout_basic, first_ration, grunt_tough_drop, uniq_grinder
D:6:      layout_basic, kennysheep_mini_moat, serial_shops, shop,
          nicolae_shop_statue_plus, shop, shop, nicolae_ossuary_entry_monument
D:7:      layout_basic, serial_co_window_serial, co_window_corner_a,
          co_window_paths_b, co_window_corner_a, co_window_corner_a,
          co_window_corner_a, co_window_paths_a, co_window_of_opportunity_c,
          co_window_broadway_c, co_window_broadway_a, co_window_cross_4,
          co_window_2corner, co_window_4corner_b, co_window_paths_e,
          glass_columns_a, glass_columns_a, glass_columns_c
D:8:      layout_cave_pods, lair_entry_dummy
D:9:      layout_basic, nicolae_overflow_crystal_walls
D:10:     layout_rooms, orc_0_dummy, minivault_23, uniq_gastronok
D:11:     layout_cross, uniq_urug
Temple:   nicolae_temple_elliptical

Skill      XL: |  1  2  3  4  5  6  7  8  9 10 11 |
---------------+----------------------------------+-----
Unarmed Combat | 1 2 4 5 6 8 10 12 | 12.8
Armour         | 3 4 5 |  5.2
Shields        | 3 4 5 6 7 |  7.1
Dodging        | 1 2 4 |  4.2
Fighting       | 4 |  4.4
Stealth        | 1 |  1.0
Maces & Flails | |  1.9

Action                   |  1- 3 |  4- 6 |  7- 9 | 10-12 || total
-------------------------+-------+-------+-------+-------++-------
Melee: Flail             |    14 |       |       |       ||    14
       Unarmed           |   174 |   309 |   576 |   351 ||  1410
  Use: Scroll            |       |     1 |    17 |     1 ||    19
       Potion            |       |     3 |     1 |     3 ||     7
 Stab: Sleeping          |       |       |       |     1 ||     1
  Eat: Chunk             |     2 |     8 |    12 |     7 ||    29
       Ration            |       |       |       |     1 ||     1
Armor: Scale mail        |    94 |   125 |   108 |       ||   327
       Ring mail         |       |       |    51 |    96 ||   147
Dodge: Dodged            |    57 |    78 |   148 |   144 ||   427
Block: Kite shield       |   104 |   139 |   250 |   286 ||   779
       Reflection        |       |       |     2 |     6 ||     8

Table legend:
 A = Non-vault XP
 B = Vault XP
 C = Vault XP percentage of total XP
 D = Non-vault monster count
 E = Vault monster count
 F = Vault count percentage of total count
                 A         B        C        D         E       F
            +---------+---------+-------+---------+---------+-------
      Total |   11305 |    3304 |  22.6 |     252 |      58 |  18.7
            +---------+---------+-------+---------+---------+-------
        D:1 |      45 |       0 |   0.0 |      26 |       0 |   0.0
        D:2 |      68 |       0 |   0.0 |      17 |       0 |   0.0
        D:3 |     102 |      65 |  38.9 |      26 |       6 |  18.8
        D:4 |     358 |      34 |   8.7 |      18 |      11 |  37.9
        D:5 |     918 |     314 |  25.5 |      32 |       3 |   8.6
        D:6 |    1360 |       0 |   0.0 |      33 |       0 |   0.0
        D:7 |    1259 |       0 |   0.0 |      20 |       0 |   0.0
        D:8 |     711 |       0 |   0.0 |      14 |       0 |   0.0
        D:9 |    1534 |       0 |   0.0 |      28 |       0 |   0.0
       D:10 |    4038 |    2328 |  36.6 |      31 |       1 |   3.1
       D:11 |     912 |       0 |   0.0 |       7 |       0 |   0.0
    Ossuary |       0 |     563 | 100.0 |       0 |      37 | 100.0
            +---------+---------+-------+---------+---------+-------
